 Dungeon Crawl Stone Soup version 0.19.5 (webtiles) character file.

280 JeffiDaFish the Shield-Bearer (level 6, -1/38 HPs)
             Began as a Gargoyle Fighter on Apr 19, 2017.
             Killed from afar by an orc wizard (4 damage)
             ... with a magic dart
             ... on level 4 of the Dungeon.
             The game lasted 00:06:36 (2494 turns).

JeffiDaFish the Shield-Bearer (Gargoyle Fighter)    Turns: 2494, Time: 00:06:37

Health: -1/38      AC:  9    Str: 22    XL:     6   Next: 27%
Magic:  6/6        EV:  4    Int:  8    God:
Gold:   102        SH: 15    Dex: 13    Spells: 0 memorised, 5 levels left

rFire  . . .     SeeInvis .     a - +0 flail
rCold  . . .     Gourm    .     j - +0 chain mail
rNeg   + . .     Faith    +     h - +0 large shield
rPois  ∞         Spirit   .     (no helmet)
rElec  +         Reflect  .     (no cloak)
rCorr  .         Harm     .     (no gloves)
MR     .....                    (no boots)
Stlth  ..........               e - amulet of faith
                                (no ring)
                                (no ring)

@: no status effects
A: thin skeletal structure 1, deformed body, negative energy resistance 1,
electricity resistance, strong 1, unbreathing, petrification resistance, rot
immunity, AC +4
a: no special abilities


You were on level 4 of the Dungeon.
You were not hungry.

You visited 1 branch of the dungeon, and saw 4 of its levels.

You collected 102 gold pieces.

Inventory:

Hand Weapons
 a - a +0 flail (weapon)
Armour
 h - a +0 large shield (worn)
 j - a +0 chain mail (worn)
Jewellery
 e - an amulet of faith (around neck)
Wands
 b - a wand of flame (27/48)
Scrolls
 g - 3 scrolls of identify
Comestibles
 f - 3 bread rations
 i - a slice of pizza


   Skills:
 + Level 3.7 Fighting
 + Level 4.4 Maces & Flails
 + Level 4.3 Armour
 + Level 1.0 Dodging
 + Level 4.6 Shields


You had 5 spell levels left.
You didn't know any spells.

Dungeon Overview and Level Annotations

Branches:
Dungeon (4/15)
 Temple: D:4-7

Altars:
Zin


Innate Abilities, Weirdness & Mutations

You are resistant to torment.
Your stone body is resilient. (AC +4)
You are immune to poison.
You resist negative energy. (rN+)
You are resistant to electric shocks. (rElec)
You can survive without breathing.
You are immune to petrification.
You are immune to rotting.
You have a somewhat thin skeletal structure. (Dex +2, Stealth)
Armour fits poorly on your strangely shaped body.
Your muscles are strong. (Str +2)


Message History

You aren't carrying any potions.
You closely miss something. Something completely misses you.
Something hits you but does no damage.
You miss something. You block something's attack. x2
You barely miss something. Something hits you but does no damage.
You block something's attack.
You closely miss something.
Something hits you but does no damage. x2
You miss something.
You hear some strange, mumbled words.
A magic dart appears from out of thin air!
The magic dart hits you!
* * * LOW HITPOINT WARNING * * *
You hear some strange, mumbled words.
A puff of frost appears from out of thin air!
The puff of frost misses you.
You closely miss something.
You hear some strange, mumbled words.
A magic dart appears from out of thin air!
The magic dart hits you!
You die...

#.# ..# #.#
#.# ###.#
$...# #.#{#
#.#@# ####.#)#
#....#.##
#.<..%..#
....$.....#.##
#.#.###.#####
.. #.# .. #.#
#.#


There were no monsters in sight!

Vanquished Creatures
  Sigmund (D:3)
  2 adders
  2 worms (D:3)
  2 dart slugs
  3 leopard geckos
  3 orcs
  A ball python (D:1)
  8 giant cockroaches
  7 goblins
  4 hobgoblins
  9 jackals
  12 kobolds
  10 bats
  2 frilled lizards
  11 rats
77 creatures vanquished.

Notes
Turn   | Place    | Note
-------+----------+-------------------------------------------
     0 | D:1      | JeffiDaFish the Gargoyle Fighter began the quest for the Orb.
     0 | D:1      | Reached XP level 1. HP: 14/14 MP: 1/1
    99 | D:1      | Reached XP level 2. HP: 5/19 MP: 2/2
   527 | D:1      | Reached XP level 3. HP: 23/23 MP: 3/3
  1196 | D:2      | Reached XP level 4. HP: 18/28 MP: 4/4
  1205 | D:2      | Gained mutation: Your muscles are strong. (Str +2) [potion of mutation]
  1205 | D:2      | Gained mutation: You have a somewhat thin skeletal structure. (Dex +2, Stealth) [potion of mutation]
  1205 | D:2      | Gained mutation: Armour fits poorly on your strangely shaped body. [potion of mutation]
  1652 | D:3      | Found a glowing silver altar of Zin.
  2139 | D:3      | Noticed Sigmund
  2146 | D:3      | Killed Sigmund
  2146 | D:3      | Reached skill level 1 in Dodging
  2146 | D:3      | Reached XP level 5. HP: 6/33 MP: 5/5
  2146 | D:3      | Reached XP level 6. HP: 7/38 MP: 6/6
  2494 | D:4      | Killed from afar by an orc wizard

Skill      XL: |  1  2  3  4 |
---------------+-------------+-----
Armour         | 4 |  4.3
Shields        | 4 |  4.6
Maces & Flails | 4 |  4.4
Dodging        | 1 |  1.0
Fighting       | |  3.7

Action                   |  1- 3 |  4- 6 || total
-------------------------+-------+-------++-------
Melee: Flail             |   164 |   156 ||   320
  Use: Scroll            |     6 |     1 ||     7
       Potion            |     4 |     2 ||     6
  Eat: Chunk             |     1 |     5 ||     6
Armor: Scale mail        |   137 |    39 ||   176
       Chain mail        |       |    27 ||    27
Dodge: Dodged            |    58 |    22 ||    80
Block: Shield            |    71 |       ||    71
       Large shield      |    80 |   123 ||   203
